 Dungeon Crawl Stone Soup version 0.30-a0-1053-gbd8d5ba0ad (webtiles) character file.

Game seed: 7576088438188939601

361 GigaChad the Shield-Bearer (level 6, -1/48 HPs)
             Began as a Formicid Fighter on Apr 11, 2023.
             Slain by a gnoll
             ... wielding a +0 club
             ... led by a gnoll bouda
              (3 damage)
             ... on level 6 of the Dungeon.
             The game lasted 00:05:00 (3482 turns).

GigaChad the Shield-Bearer (Formicid Fighter)       Turns: 3482, Time: 00:05:01

Health: -1/48      AC:  7    Str: 22    XL:     6   Next: 99%
Magic:  6/6        EV:  9    Int:  8    God:
Gold:   127        SH:  5    Dex: 13    Spells: 5/5 levels left

rFire   . . .      SeeInvis +    a - +1 war axe
rCold   . . .      Faith    .    c - +0 buckler
rNeg    . . .      Spirit   .    b - +0 scale mail
rPois   .          Reflect  .    (helmet unavailable)
rElec   .          Rampage  .    (no cloak)
rCorr   .                        (no gloves)
Will    .....                    (no boots) Stlth
                                 (no amulet)
HPRegen 0.28/turn                (no ring)
MPRegen 0.10/turn                (no ring)

@: no status effects
A: permanent stasis, dig shafts and tunnels, antennae 3, four strong arms
a: Dig, Shaft Self


You were on level 6 of the Dungeon.
You visited 1 branch of the dungeon, and saw 5 of its levels.

You collected 127 gold pieces.

Inventory:

Hand Weapons
 a - a +1 war axe (weapon)
Armour
 b - a +0 scale mail (worn)
 c - a +0 buckler (worn)
Jewellery
 i - a ring of positive energy
 l - a ring of flight
Scrolls
 h - 2 scrolls of identify
Potions
 d - a potion of might
 e - 2 potions of attraction
 f - 2 potions of heal wounds {unknown}
 g - 4 potions of lignification
 k - a potion of degeneration {unknown}


   Skills:
 * Level 4.2 Fighting
 * Level 4.8 Axes
 * Level 4.8 Armour
 * Level 5.1 Shields


You had 5 spell levels left.
You didn't know any spells.
Your spell library contained the following spells:

 Spells                   Type           Power      Damage    Failure   Level
 Volatile Blastmotes      Fire/Tloc      0%         2d10      98%         3
 Fulminant Prism          Conj/Hex       0%         3d5       100%        4
 Iskenderun's Mystic Bla  Conj/Tloc      0%         2d3       100%        4
 Lee's Rapid Deconstruct  Erth           0%         3d4*      100%        5


Dungeon Overview and Level Annotations

Branches:
Dungeon (4/15)
 Temple: D:4-7

Altars:
Ashenzari
Dithmenos
Sif Muna
The Shining One

Shops:
D:6 [?


Innate Abilities, Weirdness & Mutations

You cannot be hasted, slowed, berserked, paralysed or teleported.
You can dig through walls and to a lower floor.
You have a pair of large antennae on your head. (SInv)
Your four strong arms can wield two-handed weapons with a shield.


Message History

Items here: )))) [ †.
You slash the gnoll!
You kill the gnoll!
You barely miss the gnoll. The gnoll hits you with a +0 club.
* * * LOW HITPOINT WARNING * * *
The gnoll hits you but does no damage.
You hit the gnoll.
The gnoll is moderately wounded.
The gnoll closely misses you.
You hit the gnoll.
The gnoll is moderately wounded.
The gnoll barely misses you.
You hit the gnoll.
The gnoll is severely wounded.
The gnoll hits you but does no damage. x2
You hit the gnoll.
The gnoll is almost dead.
The gnoll hits you but does no damage.
You barely miss the gnoll.
The gnoll is almost dead.
The gnoll hits you with a +0 club.
* * * LOW HITPOINT WARNING * * *
You hit the gnoll but do no damage.
The gnoll is almost dead.
You block the gnoll's attack.
You closely miss the gnoll.
The gnoll is almost dead.
The gnoll hits you with a +0 club!
* * * LOW HITPOINT WARNING * * *
You block the gnoll's attack.
You hit the gnoll.
The gnoll is almost dead.
The gnoll barely misses you.
You barely miss the gnoll.
The gnoll is almost dead.
The gnoll closely misses you.
You hit the gnoll but do no damage.
The gnoll is almost dead.
The gnoll hits you with a +0 club.
You die...

#+## ##...## # ##.....##
## ##.# ##......>## ##.
##....###.........####..
#.....g@'.........+.....
##....###.........####..
....# ##.......# ##. ...
##.....######## .
##...## #..... ##'##
#.#### #.# #.# #.# #.#
## ##.## #.# #.


You could see a gnoll.

Vanquished Creatures
  A sky beast (D:6)
  A centaur (D:6)
  A jelly (D:4)
  A gnoll bouda (D:6)
  4 gnolls (D:6)
  2 adders (D:4)
  3 worms
  2 dart slugs
  2 ball pythons
  9 endoplasms
  5 giant cockroaches
  2 goblins (D:4)
  9 hobgoblins
  A quokka (D:4)
  4 bats
  A frilled lizard (D:1)
  6 kobolds
  9 rats
63 creatures vanquished.

Notes
Turn   | Place    | Note
-------+----------+-------------------------------------------
     0 | D:1      | GigaChad the Formicid Fighter began the quest for the Orb.
     0 | D:1      | Reached XP level 1. HP: 18/18 MP: 1/1
   170 | D:1      | Reached XP level 2. HP: 24/24 MP: 2/2
   468 | D:1      | Reached XP level 3. HP: 25/29 MP: 3/3
   918 | D:2      | Found a glowing golden altar of the Shining One.
   994 | D:2      | Identified the +1 ring mail of the Endless Expanse {rF+ rN+
                  | Regen+}
  1526 | D:3      | Found a shimmering blue altar of Sif Muna.
  1725 | D:3      | Found a faded altar of an unknown god.
  1946 | D:3      | Found a shadowy altar of Dithmenos.
  2087 | D:4      | Reached XP level 4. HP: 37/37 MP: 4/4
  2404 | D:4      | Reached XP level 5. HP: 32/42 MP: 5/5
  2499 | D:4      | Found a broken altar of Ashenzari.
  2818 | D:4      | Noticed an ogre
  2824 | D:4      | You fall into a shaft and drop 2 floors!
  3281 | D:6      | Found Xosomp Pach's Magic Scroll Emporium.
  3281 | D:6      | Noticed a centaur
  3288 | D:6      | Killed a centaur
  3289 | D:6      | Reached XP level 6. HP: 40/48 MP: 6/6
  3325 | D:6      | Found Saduruyvu's Armour Shoppe.
  3357 | D:6      | Noticed a sky beast
  3370 | D:6      | Killed a sky beast
  3371 | D:6      | Reached skill level 5 in Shields
  3479 | D:6      | HP: 1/48 [gnoll/+0 club[a gnoll bouda] (8)]
  3482 | D:6      | Slain by a gnoll

Illustrated notes

Levels and vault maps discovered:
D:1:      spicycebolla_arrival_xxxplode, layout_basic
D:2:      layout_loops_corners, basic_altar
D:3:      layout_basic, mainiacjoe_overflow_six_doors_small,
          nicolae_overflow_crystal_walls, serial_curves, eino_curves_04,
          eino_curves_01, eino_curves_01, dreamdust_ecumenical_altar_statues,
          minmay_misc_feat_square, nicolae_figureground_sparkle
D:4:      layout_layer_cave, nicolae_ashenzari_panopticon, minmay_fountain_box,
          guppyfry_shop_venom
D:6:      layout_loops_corners, serial_shops, nicolae_shop_window_shopping,
          kennysheep_little_box, shop_statue

Skill      XL: |  1  2  3  4  5  6 |
---------------+-------------------+-----
Axes           | 3 4 |  4.8
Armour         | 4 |  4.8
Fighting       | 4 |  4.2
Shields        | 5 |  5.1

Action                     |  1- 3 |  4- 6 || total
---------------------------+-------+-------++-------
  Melee: War axe           |    77 |    93 ||   170
Ability: Shaft Self        |       |     1 ||     1
    Use: Scroll            |     4 |       ||     4
 Armour: Scale mail        |    26 |    40 ||    66
  Dodge: Dodged            |    30 |    41 ||    71
  Block: Buckler           |    20 |    16 ||    36

Table legend: (Time is in decaauts)
 A = Elapsed time spent in this place.
 B = Non-inter-level travel time spent in this place.
 C = Inter-level travel time spent in this place.
 D = Time resting spent in this place.
 E = Time spent auto-exploring this place.
 F = Levels seen in this place.
 G = Mean time per level.
                   A        B        C        D        E       F      G
               +--------+--------+--------+--------+--------+-----+--------+
         Total |   3545 |   3490 |     55 |    610 |   2279 |   5 |  709.0 |
       Dungeon |   3545 |   3490 |     55 |    610 |   2279 |   5 |  709.0 |
               +--------+--------+--------+--------+--------+-----+--------+

Top non-repeatable levels by time:
     D:4: 768 daAuts
     D:2: 767 daAuts
     D:3: 700 daAuts
     D:6: 671 daAuts
     D:1: 637 daAuts
